Map: Blackpink LE

Players

JanneAhonen

  • Race: Protoss Protoss
  • League: Grandmaster
  • Spawn Location: 7:00

Lambo - Winner!

  • Race: Zerg Zerg
  • League: Grandmaster
  • Spawn Location: 1:00

VOD

Have the link to the VOD?

Description

Time

  • Played on: Feb. 14, 2018, 3:46 p.m.
  • Length: 6:41
Show
View Real Time Build Order
Export as new Build Order

JanneAhonen Protoss 

Build Orders: 1 Gate Expand, Oracle Opening, Phoenix Opening 

Get SALT Encoding   

  12  0:00  Probe  
  13  0:13  Probe  
  14  0:17  Pylon  
  14  0:25  Probe (Chrono Boost)  
  15  0:37  Probe (Chrono Boost), Gateway  
  16  0:45  Probe (Chrono Boost)  
  16  0:47  Assimilator  
  17  0:51  Probe (Chrono Boost)  
  18  1:03  Probe (Chrono Boost)  
  19  1:11  Probe (Chrono Boost)  
  20  1:23  Nexus  
  20  1:33  Cybernetics Core  
  20  1:36  Probe  
  21  1:41  Assimilator  
  21  1:48  Probe  
  21  1:52  Pylon  
  22  2:00  Probe  
  23  2:08  Adept (Chrono Boost)  
  23  2:09  Warp Gate  
  23  2:12  Probe  
  26  2:23  Stargate  
  26  2:24  Probe  
  26  2:29  Adept  
  30  2:37  Probe (Chrono Boost)  
  30  2:41  Probe (Chrono Boost)  
  31  2:46  Probe (Chrono Boost)  
  31  2:50  Probe (Chrono Boost)  
  33  2:51  Probe (Chrono Boost)  
  34  3:00  Probe  
  34  3:04  Oracle (Chrono Boost)  
  35  3:06  Probe  
  40  3:12  Probe  
  40  3:18  Probe  
  40  3:19  Gateway  
  41  3:20  Gateway  
  41  3:22  Pylon  
  41  3:26  Probe  
  42  3:30  Probe  
  42  3:34  Phoenix (Chrono Boost)  
  43  3:38  Probe  
  46  3:42  Probe  
  46  3:43  Twilight Council  
  46  3:46  Pylon  
  47  3:49  Adept  
  47  3:50  Probe  
  47  3:54  Assimilator  
  50  3:56  Probe  
  50  4:02  Probe  
  52  4:08  Probe  
  53  4:15  Adept x2  
  57  4:18  Resonating Glaives (Chrono Boost)  
  57  4:20  Probe  
  58  4:27  Nexus, Pylon  
  58  4:30  Adept  
  60  4:34  Pylon  
  60  4:43  Adept  
  60  4:45  Adept  
  64  4:46  Oracle  
  64  4:50  Probe x2  
  64  4:52  Assimilator  
  69  4:54  Adept  
  69  4:57  Pylon  
  71  5:02  Probe x2  
  71  5:03  Shield Battery  
  73  5:10  Adept x2  
  77  5:16  Probe  
  77  5:18  Pylon  
  78  5:24  Probe  
  79  5:31  Zealot  
  79  5:32  Sentry x2  
  79  5:33  Probe (Chrono Boost)  
  86  5:35  Robotics Facility  
  86  5:41  Probe (Chrono Boost)  
  86  5:42  Robotics Facility  
  89  5:50  Probe (Chrono Boost)  
  89  5:51  Probe (Chrono Boost)  
  89  5:55  Probe (Chrono Boost)  
  89  5:56  Forge  
  89  5:57  Probe (Chrono Boost)  
  90  6:02  Probe  
  92  6:04  Sentry  
  92  6:06  Probe  
  95  6:22  Probe x3  
  98  6:26  Robotics Bay  
  98  6:27  Assimilator  
  98  6:29  Gateway, Assimilator  
  98  6:31  Gateway  
Show
View Real Time Build Order
Export as new Build Order

Lambo Zerg - Winner!

Build Orders: Hatch First 

Get SALT Encoding   

  12  0:00  Drone  
  13  0:13  Overlord  
  13  0:18  Drone  
  14  0:31  Drone x2  
  16  0:48  Hatchery  
  15  0:51  Drone  
  15  0:56  Drone  
  17  0:58  Drone  
  18  1:11  Extractor  
  17  1:14  Spawning Pool  
  17  1:17  Drone  
  17  1:20  Drone  
  18  1:30  Drone  
  19  1:41  Overlord  
  19  1:50  Drone  
  20  2:01  Queen x2, Drone x2  
  26  2:11  Drone  
  26  2:13  Metabolic Boost  
  26  2:14  Drone  
  28  2:25  Drone x2  
  30  2:38  Zergling x2  
  30  2:41  Zergling x2  
  32  2:45  Hatchery  
  32  2:48  Overlord  
  32  2:51  Drone  
  32  2:54  Drone  
  33  3:01  Drone  
  34  3:07  Drone x2  
  34  3:10  Queen, Drone  
  34  3:11  Drone  
  34  3:12  Overlord  
  40  3:15  Drone  
  40  3:17  Drone x2  
  40  3:19  Drone  
  44  3:31  Drone x2  
  46  3:36  Spore Crawler  
  46  3:37  Spore Crawler  
  46  3:38  Drone  
  45  3:44  Drone x2  
  45  3:45  Drone  
  48  3:49  Lair  
  48  3:51  Drone  
  48  3:52  Queen  
  51  3:57  Drone x2  
  51  4:00  Overlord  
  53  4:03  Overlord  
  53  4:05  Spore Crawler  
  53  4:07  Extractor  
  53  4:09  Extractor  
  50  4:10  Drone x2  
  50  4:13  Drone  
  50  4:16  Overlord  
  53  4:19  Overlord  
  53  4:21  Zergling x12  
  58  4:24  Baneling Nest  
  58  4:31  Zergling x4  
  59  4:37  Drone x2  
  61  4:44  Overlord  
  61  4:46  Zergling x4  
  63  4:55  Hydralisk Den  
  63  4:56  Drone x2  
  64  5:01  Drone x3  
  64  5:02  Extractor  
  64  5:04  Drone x2  
  64  5:05  Drone  
  69  5:10  Drone x2  
  69  5:13  Drone x2  
  73  5:16  Overlord  
  73  5:26  Hydralisk x4  
  81  5:29  Overlord, Grooved Spines  
  81  5:31  Zergling x2  
  81  5:32  Overlord  
  81  5:33  Baneling  
  81  5:34  Baneling x3  
  81  5:35  Overlord  
  82  5:39  Baneling x4  
  82  5:40  Zergling x2  
  82  5:41  Zergling x10  
  87  5:48  Zergling x6  
  90  5:50  Baneling  
  90  5:54  Zergling x6  
  93  6:00  Drone x3  
  96  6:04  Drone  
  96  6:05  Extractor, Lurker Den, Evolution Chamber  
  96  6:08  Drone x2  
  95  6:11  Drone x3  
  95  6:15  Drone x3  
  95  6:17  Drone  
  98  6:19  Extractor  
  98  6:24  Drone x2  
  99  6:28  Drone  
  100  6:36  Hatchery  
Tags
 
Add a new tag
Caveats
  • Supply blocks, unpowered buildings, or Contaminate may cause inaccurate times.
  • Supply counts are checked every 10 seconds.